 Dungeon Crawl Stone Soup version 0.25-a0-474-ga8a2ee3166 (webtiles) character file.

Game seed: 14716638711765212826, levelgen mode: deterministic

76 ReteAZ the Vexing (level 4, -2/34 HPs)
             Began as a Gnoll Wanderer on Feb 8, 2020.
             Slain by a jelly (3 damage)
             ... on level 2 of the Dungeon.
             The game lasted 00:02:37 (2409 turns).

ReteAZ the Vexing (Gnoll Wanderer)                  Turns: 2409, Time: 00:02:37

Health: -2/34      AC: -3    Str: 13    XL:     4   Next: 32%
Magic:  7/7        EV:  6    Int: 17    God:
Gold:   175        SH:  0    Dex: 14    Spells: 5/5 levels left

rFire    . . .     SeeInvis .   h - +0 whip
rCold    . . .     Gourm    .   (no shield)
rNeg     . . .     Faith    .   g - +0 chain mail
rPois    .         Spirit   .   (no helmet)
rElec    .         Reflect  .   (no cloak)
rCorr    .         Harm     .   (no gloves)
MR       .....                  (no boots)
Stlth    ..........             (no amulet)
HPRegen  0.11/turn              (no ring)
MPRegen  0.10/turn              (no ring)

@: corroded
A: distributed training, fangs 1, strong nose
a: no special abilities


You were on level 2 of the Dungeon.
You were very hungry.

You visited 1 branch of the dungeon, and saw 2 of its levels.

You collected 175 gold pieces.

Inventory:

Hand Weapons
 a - a +0 dagger
 h - a +0 whip (weapon)
Missiles
 l - 14 stones
 n - 7 boomerangs of dispersal (quivered)
Armour
 d - a +0 robe
 g - a +0 chain mail (worn)
Jewellery
 p - an uncursed ring of see invisible {unknown}
Scrolls
 i - 2 scrolls of teleportation {unknown}
 j - a scroll of blinking {unknown}
 k - a scroll of identify {unknown}
 o - a scroll of amnesia {unknown}
 q - 2 scrolls of remove curse {unknown}
Potions
 b - a potion of invisibility {unknown}
 c - a potion of lignification
 e - 2 potions of curing {unknown}
 m - 2 potions of heal wounds {unknown}
 r - a potion of haste {unknown}
Comestibles
 f - 3 rations


   Skills:
 + Level 2.7 Fighting
 + Level 1.1 Short Blades
 + Level 1.1 Long Blades
 + Level 1.1 Axes
 + Level 1.1 Maces & Flails
 + Level 1.1 Polearms
 + Level 1.1 Staves
 + Level 1.1 Slings
 + Level 2.7 Bows
 + Level 1.1 Crossbows
 + Level 1.1 Throwing
 + Level 2.7 Armour
 + Level 1.1 Dodging
 + Level 1.1 Stealth
 + Level 1.1 Shields
 + Level 1.1 Unarmed Combat
 + Level 1.1 Spellcasting
 + Level 0.8 Conjurations
 + Level 5.4 Hexes
 + Level 0.8 Charms
 + Level 0.8 Summonings
 + Level 0.8 Necromancy
 + Level 0.8 Translocations
 + Level 0.8 Transmutations
 + Level 3.8 Fire Magic
 + Level 0.8 Ice Magic
 + Level 0.8 Air Magic
 + Level 0.8 Earth Magic
 + Level 0.8 Poison Magic
 + Level 1.2 Invocations
 + Level 4.6 Evocations


You had 5 spell levels left.
You didn't know any spells.
Your spell library contained the following spells:

 Spells                   Type           Power        Failure   Level  Hunger
 Corona                   Hex            ###....      56%         1    ##.....
 Confusing Touch          Hex            ###.....     90%         3    ####...
 Tukima's Dance           Hex            ###.....     90%         3    ####...
 Ensorcelled Hibernation  Hex/Ice        ##....       95%         2    ###....
 Summon Butterflies       Summ           #.......     99%         1    ##.....
 Dazzling Flash           Conj/Hex       ##....       99%         3    ####...
 Call Canine Familiar     Summ           #.......     100%        3    ####...


Dungeon Overview and Level Annotations

Branches:
Dungeon (2/15)

Altars:


Innate Abilities, Weirdness & Mutations

Your experience applies equally to all skills.
You have very sharp teeth.
Your uncanny sense of smell can sniff out nearby items.


Message History

Your chain mail prevents you from hitting the jelly.
The jelly hits you but does no damage.
You hit the jelly.
Your hands burn!
The jelly is lightly wounded.
The jelly hits you but does no damage.
You hit the jelly but do no damage. The acid corrodes you!
Your hands burn!
The jelly is lightly wounded.
The jelly hits you but does no damage.
You hit the jelly. The acid corrodes you!
Your hands burn!
The jelly is lightly wounded.
The jelly hits you. The acid corrodes you!
You are splashed with acid!
You completely miss the jelly.
The jelly is lightly wounded.
The jelly hits you.
You are splashed with acid!
* * * LOW HITPOINT WARNING * * *
You hit the jelly but do no damage.
Your hands burn!
* * * LOW HITPOINT WARNING * * *
The jelly is lightly wounded.
The jelly hits you.
You die...

. g.. ..###.. ∆ .......
....... ∆ ##### ##.....###
#...### .......).##
#.#.#.# #...#### #......
#.(....### #.#.#.#
###..#.J@# #####......
..........######.<...#.#.#
######........)...........
##########......#.#.#
##.......... #.....#.#.#
#....>..... #####.#.#.#
#......


You could see a jelly.

Vanquished Creatures
  A gnoll (D:2)
  3 adders (D:2)
  A dart slug (D:1)
  A leopard gecko (D:1)
  3 bats (D:1)
  5 giant cockroaches (D:1)
  2 goblins (D:1)
  7 hobgoblins
  4 kobolds
  2 ball pythons (D:1)
  A frilled lizard (D:1)
  7 rats
37 creatures vanquished.

Vanquished Creatures (others)
  3 toadstools (D:1)
3 creatures vanquished.

Grand Total: 40 creatures vanquished

Notes
Turn   | Place    | Note
-------+----------+-------------------------------------------
     0 | D:1      | ReteAZ the Gnoll Wanderer began the quest for the Orb.
     0 | D:1      | ReteAZ set off with the following items: a +0 dagger, a
                  | potion of lignification, a +0 robe, a ration; and the
                  | following spells available to memorise: Corona, Confusing
                  | Touch, Tukima's Dance, Ensorcelled Hibernation, Summon
                  | Butterflies, Dazzling Flash, Call Canine Familiar
     0 | D:1      | Reached XP level 1. HP: 17/17 MP: 3/3
   306 | D:1      | Reached XP level 2. HP: 3/23 MP: 5/5
  1249 | D:1      | Reached XP level 3. HP: 27/28 MP: 6/6
  1538 | D:2      | Reached skill level 1 in Invocations
  1857 | D:2      | Reached skill level 1 in Short Blades
  1857 | D:2      | Reached skill level 1 in Long Blades
  1857 | D:2      | Reached skill level 1 in Axes
  1857 | D:2      | Reached skill level 1 in Maces & Flails
  1857 | D:2      | Reached skill level 1 in Polearms
  1857 | D:2      | Reached skill level 1 in Staves
  1857 | D:2      | Reached skill level 1 in Slings
  1857 | D:2      | Reached skill level 1 in Crossbows
  1857 | D:2      | Reached skill level 1 in Throwing
  1857 | D:2      | Reached skill level 1 in Dodging
  1857 | D:2      | Reached skill level 1 in Stealth
  1857 | D:2      | Reached skill level 1 in Shields
  1857 | D:2      | Reached skill level 1 in Unarmed Combat
  1857 | D:2      | Reached skill level 1 in Spellcasting
  1917 | D:2      | Reached XP level 4. HP: 20/34 MP: 7/7
  2409 | D:2      | HP: 1/34 [acid (5)]
  2409 | D:2      | Slain by a jelly

Levels and vault maps discovered:
D:1:      lemuel_arrival_cross, layout_basic, minmay_gold_behind_fungi
D:2:      layout_rooms, st_stairs_10, elyvilon_altar_4

Skill      XL: |  1  2  3 |
---------------+----------+-----
Invocations    | 1 |  1.2
Short Blades   | 1 |  1.1
Long Blades    | 1 |  1.1
Axes           | 1 |  1.1
Maces & Flails | 1 |  1.1
Polearms       | 1 |  1.1
Staves         | 1 |  1.1
Slings         | 1 |  1.1
Crossbows      | 1 |  1.1
Throwing       | 1 |  1.1
Dodging        | 1 |  1.1
Stealth        | 1 |  1.1
Shields        | 1 |  1.1
Unarmed Combat | 1 |  1.1
Spellcasting   | 1 |  1.1
Fighting       | |  2.7
Bows           | |  2.7
Armour         | |  2.7
Conjurations   | |  0.8
Hexes          | |  5.4
Charms         | |  0.8
Summonings     | |  0.8
Necromancy     | |  0.8
Translocations | |  0.8
Transmutations | |  0.8
Fire Magic     | |  3.8
Ice Magic      | |  0.8
Air Magic      | |  0.8
Earth Magic    | |  0.8
Poison Magic   | |  0.8
Evocations     | |  4.6

Action                   |  1- 3 |  4- 6 || total
-------------------------+-------+-------++-------
Melee: Dagger            |    62 |       ||    62
       Bite              |    22 |     3 ||    25
       Whip              |   162 |    25 ||   187
 Stab: Sleeping          |     1 |       ||     1
  Eat: Chunk             |     4 |       ||     4
Armor: Robe              |    13 |       ||    13
       Chain mail        |   135 |    19 ||   154
Dodge: Dodged            |    94 |    12 ||   106

Table legend:
 A = Non-vault XP
 B = Vault XP
 C = Vault XP percentage of total XP
 D = Non-vault monster count
 E = Vault monster count
 F = Vault count percentage of total count
                 A         B        C        D         E       F
            +---------+---------+-------+---------+---------+-------
      Total |      95 |      14 |  12.8 |      35 |       2 |   5.4
            +---------+---------+-------+---------+---------+-------
        D:1 |      45 |       0 |   0.0 |      26 |       0 |   0.0
        D:2 |      50 |      14 |  21.9 |       9 |       2 |  18.2
            +---------+---------+-------+---------+---------+-------
